 Dungeon Crawl Stone Soup version 0.27-a0-773-gaaee5cf45b (webtiles) character file.

Game seed: 6650805196948717366

89 sleeves the Cudgeller (level 4, -7/38 HPs)
             Began as a Deep Dwarf Arcane Marksman on Mar 25, 2021.
             Killed by divine providence
             ... invoked by an orc priest
              (8 damage)
             ... on level 3 of the Dungeon.
             The game lasted 00:07:01 (1740 turns).

sleeves the Cudgeller (Deep Dwarf Arcane Marksman)  Turns: 1740, Time: 00:07:01

Health: -7/38      AC:  6    Str: 15    XL:     4   Next: 31%
Magic:  5/5        EV:  9    Int: 13    God:
Gold:   132        SH:  0    Dex: 13    Spells: 2/5 levels left

rFire    . . .     SeeInvis .   b - +0 mace
rCold    . . .     Faith    .   (no shield)
rNeg     . . .     Spirit   .   f - +0 scale mail
rPois    .         Reflect  .   (no helmet)
rElec    .         Harm     .   (no cloak)
rCorr    .         Rampage  .   (no gloves)
Will     .....                  (no boots)
Stlth    ..........             (no amulet)
HPRegen  0.00/turn              (no ring)
MPRegen  0.09/turn              (no ring)

@: non-regenerating
A: damage resistance, heal wounds, sense surroundings 1, no regeneration
a: Heal Wounds


You were on level 3 of the Dungeon.
You visited 1 branch of the dungeon, and saw 3 of its levels.

You collected 132 gold pieces.

Inventory:

Hand Weapons
 a - a +0 hand crossbow
 b - a +0 mace (weapon)
   (You found it on level 2 of the Dungeon)
Missiles
 d - 29 bolts
Armour
 f - a +0 scale mail (worn)
   (You found it on level 1 of the Dungeon)
 h - a +1 chain mail of positive energy
   (You found it on level 2 of the Dungeon)
Scrolls
 c - a scroll of magic mapping {unknown}
 e - 2 scrolls of identify {unknown}
 g - a scroll of teleportation {unknown}
 i - a scroll of fear {unknown}
 j - a scroll of vulnerability {unknown}


   Skills:
 - Level 1.5 Fighting
 + Level 3.2 Maces & Flails
 + Level 2.8 Crossbows
 + Level 0.5 Armour
 - Level 2.1 Dodging
 - Level 1.0 Spellcasting
 - Level 2.4 Hexes


You had 2 spell levels left.
You knew the following spells:

 Your Spells              Type           Power      Damage    Failure   Level
a - Corona                Hex            6%         N/A       41%         1
b - Blink                 Tloc           N/A        N/A       86%         2

Your spell library contained the following spells:

 Spells                   Type           Power      Damage    Failure   Level
 Slow                     Hex            6%         N/A       54%         2
 Animate Skeleton         Necr           0%         N/A       75%         1
 Apportation              Tloc           0%         N/A       75%         1
 Magic Dart               Conj           0%         1d3       75%         1
 Summon Small Mammal      Summ           0%         N/A       75%         1
 Call Imp                 Summ           0%         N/A       86%         2
 Inner Flame              Hex/Fire       3%         N/A       91%         3
 Portal Projectile        Hex/Tloc       6%         N/A       91%         3
 Conjure Flame            Conj/Fire      0%         6-21      98%         3
 Mephitic Cloud           Conj/Pois/Air  0%         N/A       98%         3
 Cause Fear               Hex            3%         N/A       99%         4
 Leda's Liquefaction      Hex/Erth       1%         N/A       100%        4


Dungeon Overview and Level Annotations

Branches:
Dungeon (3/15)

Altars:
Ru

Shops:
D:2 *


Innate Abilities, Weirdness & Mutations

You are resistant to damage.
You can heal yourself by infusing magical energy.
You passively map a small area around you.
You do not regenerate.


Message History

The floor.
Unknown command.
b - a +0 club (weapon)
Casting: Corona (safe; 11% risk of failure)
Confirm with . or Enter, or press ? or * to list all spells.
Aiming: Corona (safe; 11% risk of failure)
Press: ? - help, Shift-Dir - straight line, f - ball python
Aim: a ball python (chance to affect: 58%)
The ball python struggles to resist.
Casting: Corona (safe; 11% risk of failure)
Confirm with . or Enter, or press ? or * to list all spells.
Aiming: Corona (safe; 11% risk of failure)
Press: ? - help, Shift-Dir - straight line, f/p - ball python
Aim: a ball python (chance to affect: 58%)
The ball python is outlined in light.
You barely miss the ball python. The ball python closely misses you.
The ball python misses you.
You hit the ball python.
You kill the ball python!
You start resting.
A giant cockroach comes into view.
You start resting.
Magic restored.
Casting: Corona (safe; 11% risk of failure)
Confirm with . or Enter, or press ? or * to list all spells.
Aiming: Corona (safe; 11% risk of failure)
Press: ? - help, Shift-Dir - straight line, f - giant cockroach
Aim: a giant cockroach (wandering, hasn't noticed you, chance to affect: 58%)
The giant cockroach is outlined in light.
You hit the giant cockroach but do no damage.
The giant cockroach barely misses you.
You hit the giant cockroach.
The giant cockroach is moderately wounded.
The giant cockroach misses you. The giant cockroach barely misses you.
You completely miss the giant cockroach.
The giant cockroach is moderately wounded.
The giant cockroach barely misses you.
You hit the giant cockroach.
The giant cockroach is almost dead.
The giant cockroach closely misses you.
The giant cockroach bites you but does no damage.
You hit the giant cockroach but do no damage.
The giant cockroach is almost dead.
The giant cockroach stops glowing.
The giant cockroach bites you.
You hit the giant cockroach but do no damage.
The giant cockroach is almost dead.
The giant cockroach closely misses you. The giant cockroach barely misses you.
You hit the giant cockroach.
You kill the giant cockroach!
A jackal comes into view.
You see here 8 gold pieces.
A jackal comes into view.
The jackal moves out of view.
You see here 8 gold pieces.
Found 13 stones.
The jackal barks!
The jackal misses you. The jackal barely misses you.
You see here a hobgoblin corpse.
Casting: Corona (safe; 11% risk of failure)
Confirm with . or Enter, or press ? or * to list all spells.
Aiming: Corona (safe; 11% risk of failure)
Press: ? - help, Shift-Dir - straight line, f - jackal
Aim: a jackal (chance to affect: 58%)
The jackal is outlined in light.
The jackal misses you.
a - a +0 hand crossbow (weapon)
The jackal bites you.
* * * LOW HITPOINT WARNING * * *
Fire: 20 bolts
Press: ? - help, Q - select action, (/) - cycle Shift-Dir - straight line, f/p - jackal
Aim: a jackal (softly glowing, 72% to hit)
You shoot a bolt. The bolt closely misses the jackal.
The bolt barely misses the jackal.
The jackal bites you. The jackal closely misses you.
Fire: 19 bolts
Press: ? - help, Q - select action, (/) - cycle Shift-Dir - straight line, f/p - jackal
Aim: a jackal (softly glowing, 72% to hit)
You shoot a bolt. The bolt hits the jackal.
The jackal is moderately wounded.
The jackal barely misses you.
The jackal bites you but does no damage.
Fire: 18 bolts
Press: ? - help, Q - select action, (/) - cycle Shift-Dir - straight line, f/p - jackal
Aim: a jackal (moderately wounded, softly glowing, 72% to hit)
You shoot a bolt. The bolt closely misses the jackal.
The bolt hits the jackal.
You kill the jackal!
The jackal bites you. x2
Fire: 17 bolts
Press: ? - help, Q - select action, (/) - cycle Shift-Dir - straight line, f/p - jackal
Aim: a jackal (moderately wounded, softly glowing, 72% to hit)
You shoot a bolt. The bolt hits the jackal!
You kill the jackal!
You have reached level 2!
d - 17 bolts (gained 1)
You see here a hobgoblin corpse.
d - 18 bolts (gained 1)
You see here a hobgoblin corpse.
You start resting.
Magic restored.
You see here a kobold corpse.
You now have 21 gold pieces (gained 8).
You pick up a book of Cantrips and begin reading...
You add the spells Animate Skeleton, Summon Small Mammal and Apportation to your library.
A rat comes into view.
A rat is nearby!
A rat is nearby!
A rat is nearby!
b - a +0 club (weapon)
Casting: Corona (safe; 11% risk of failure)
Confirm with . or Enter, or press ? or * to list all spells.
Aiming: Corona (safe; 11% risk of failure)
Press: ? - help, Shift-Dir - straight line, f - rat
Aim: a rat (chance to affect: 58%)
You miscast Corona.
You are very lightly contaminated with residual magic.
Nothing appears to happen.
Casting: Corona (safe; 11% risk of failure)
Confirm with . or Enter, or press ? or * to list all spells.
Aiming: Corona (safe; 11% risk of failure)
Press: ? - help, Shift-Dir - straight line, f/p - rat
Aim: a rat (chance to affect: 58%)
The rat is outlined in light.
You are too injured to fight recklessly!
You are too injured to fight recklessly!
You are too injured to fight recklessly!
You hit the rat.
The rat is heavily wounded.
The rat closely misses you.
You hit the rat.
You kill the rat!
Your magical contamination has completely faded away.
A goblin comes into view. It is wielding a +0 dagger.
The goblin shouts!
a - a +0 hand crossbow (weapon)
Casting: Corona (safe; 11% risk of failure)
Confirm with . or Enter, or press ? or * to list all spells.
Aiming: Corona (safe; 11% risk of failure)
Press: ? - help, Shift-Dir - straight line, f - goblin
Aim: a goblin, wielding a +0 dagger (chance to affect: 58%)
The goblin struggles to resist.
Casting: Corona (safe; 11% risk of failure)
Confirm with . or Enter, or press ? or * to list all spells.
Aiming: Corona (safe; 11% risk of failure)
Press: ? - help, Shift-Dir - straight line, f/p - goblin
Aim: a goblin, wielding a +0 dagger (chance to affect: 58%)
You miscast Corona.
You are very lightly contaminated with residual magic.
Nothing appears to happen.
A kobold comes into view. It is wielding a +0 dagger.
Casting: Corona (safe; 11% risk of failure)
Confirm with . or Enter, or press ? or * to list all spells.
Aiming: Corona (safe; 11% risk of failure)
Press: ? - help, Shift-Dir - straight line, f/p - goblin
Aim: a goblin, wielding a +0 dagger (chance to affect: 58%)
The goblin is outlined in light.
Fire: 18 bolts
Press: ? - help, Q - select action, (/) - cycle Shift-Dir - straight line, f/p - goblin
Aim: a goblin, wielding a +0 dagger (softly glowing, 72% to hit)
You shoot a bolt. The bolt hits the goblin!
You kill the goblin!
Your magical contamination has completely faded away.
d - 18 bolts (gained 1)
You see here a +0 dagger.
You pick up a book of Minor Magic and begin reading...
You add the spells Magic Dart, Blink, Call Imp, Conjure Flame and Mephitic Cloud to your library.
Okay, then.
Okay, then.
This spell is quite dangerous to cast!
Memorise Blink, consuming 2 spell levels and leaving 0?
You start memorising the spell.
You continue memorising. x2
You finish memorising.
Spell assigned to 'b'.
Okay, then.
A bat comes into view.
A bat is nearby!
A bat is nearby!
You are too injured to fight recklessly!
Fire: 18 bolts
Press: ? - help, Q - select action, (/) - cycle Shift-Dir - straight line, f - bat
Aim: a bat (asleep, 98% to hit)
You shoot a bolt. The bolt hits the bat.
The bat is moderately wounded.
Fire: 17 bolts
Press: ? - help, Q - select action, (/) - cycle Shift-Dir - straight line, f/p - bat
Aim: a bat (moderately wounded, 48% to hit)
Okay, then.
Casting: Corona (safe; 11% risk of failure)
Confirm with . or Enter, or press ? or * to list all spells.
Aiming: Corona (safe; 11% risk of failure)
Press: ? - help, Shift-Dir - straight line, f/p - bat
Aim: a bat (moderately wounded, chance to affect: 58%)
The bat struggles to resist.
The bat hits you but does no damage.
Casting: Corona (safe; 11% risk of failure)
Confirm with . or Enter, or press ? or * to list all spells.
Aiming: Corona (safe; 11% risk of failure)
Press: ? - help, Shift-Dir - straight line, f/p - bat
Aim: a bat (moderately wounded, chance to affect: 58%)
You miscast Corona.
You are very lightly contaminated with residual magic.
Nothing appears to happen.
The bat hits you.
Casting: Corona (safe; 11% risk of failure)
Confirm with . or Enter, or press ? or * to list all spells.
Aiming: Corona (safe; 11% risk of failure)
Press: ? - help, Shift-Dir - straight line, f/p - bat
Aim: a bat (moderately wounded, chance to affect: 58%)
The bat is outlined in light.
The bat closely misses you. The bat hits you but does no damage.
Fire: 17 bolts
Press: ? - help, Q - select action, (/) - cycle Shift-Dir - straight line, f/p - bat
Aim: a bat (moderately wounded, softly glowing, 65% to hit)
You shoot a bolt. The bolt hits the bat!
You kill the bat!
Your magical contamination has completely faded away.
d - 17 bolts (gained 1)
The kobold shouts!
Found a stone staircase leading down.
A kobold is nearby!
A kobold is nearby!
Casting: Corona (safe; 11% risk of failure)
Confirm with . or Enter, or press ? or * to list all spells.
Aiming: Corona (safe; 11% risk of failure)
Press: ? - help, Shift-Dir - straight line, f - kobold
Aim: a kobold, wielding a +0 dagger and quivering stones (chance to affect: 58%)
The kobold struggles to resist.
The kobold throws a stone.
The stone closely misses you.
Casting: Corona (safe; 11% risk of failure)
Confirm with . or Enter, or press ? or * to list all spells.
Aiming: Corona (safe; 11% risk of failure)
Press: ? - help, Shift-Dir - straight line, f/p - kobold
Aim: a kobold, wielding a +0 dagger and quivering stones (chance to affect: 58%)
The kobold is outlined in light.
Fire: 17 bolts
Press: ? - help, Q - select action, (/) - cycle Shift-Dir - straight line, f/p - kobold
Aim: a kobold, wielding a +0 dagger and quivering stones (softly glowing, 72% to hit)
You shoot a bolt. The bolt closely misses the kobold.
Fire: 16 bolts
Press: ? - help, Q - select action, (/) - cycle Shift-Dir - straight line, f/p - kobold
Aim: a kobold, wielding a +0 dagger and quivering stones (softly glowing, 72% to hit)
You shoot a bolt. The bolt barely misses the kobold.
The kobold throws a stone.
The stone hits you but does no damage.
Fire: 15 bolts
Press: ? - help, Q - select action, (/) - cycle Shift-Dir - straight line, f/p - kobold
Aim: a kobold, wielding a +0 dagger and quivering stones (softly glowing, 72% to hit)
You shoot a bolt. The bolt hits the kobold.
The kobold is moderately wounded.
The kobold throws a stone.
The stone barely misses you.
Fire: 14 bolts
Press: ? - help, Q - select action, (/) - cycle Shift-Dir - straight line, f/p - kobold
Aim: a kobold, wielding a +0 dagger and quivering stones (moderately wounded, softly glowing, 72% to hit)
You shoot a bolt.
The bolt hits the kobold but does no damage.
The kobold is moderately wounded.
The kobold throws a stone.
The stone hits you but does no damage.
Fire: 13 bolts
Press: ? - help, Q - select action, (/) - cycle Shift-Dir - straight line, f/p - kobold
Aim: a kobold, wielding a +0 dagger and quivering stones (moderately wounded, softly glowing, 72% to hit)
You shoot a bolt. The bolt barely misses the kobold.
The kobold stops glowing.
Fire: 12 bolts
Press: ? - help, Q - select action, (/) - cycle Shift-Dir - straight line, f/p - kobold
Aim: a kobold, wielding a +0 dagger and quivering stones (moderately wounded, 55% to hit)
You shoot a bolt. The bolt hits the kobold!
You kill the kobold!
d - 12 bolts (gained 1)
Things that are here:
a +0 dagger; 3 stones; a kobold corpse
d - 14 bolts (gained 2)
d - 15 bolts (gained 1)
Found a scale mail.
d - 17 bolts (gained 2)
Things that are here:
a +0 dagger; 3 stones; a kobold corpse
d - 18 bolts (gained 1)
A kobold comes into view. It is wielding a +0 short sword.
A kobold is nearby!
Casting: Corona (safe; 11% risk of failure)
Confirm with . or Enter, or press ? or * to list all spells.
Aiming: Corona (safe; 11% risk of failure)
Press: ? - help, Shift-Dir - straight line, f - kobold
Aim: a kobold, wielding a +0 short sword (asleep, chance to affect: 58%)
The kobold shouts!
The kobold is outlined in light.
Fire: 18 bolts
Press: ? - help, Q - select action, (/) - cycle Shift-Dir - straight line, f/p - kobold
Aim: a kobold, wielding a +0 short sword (softly glowing, 72% to hit)
You shoot a bolt. The bolt hits the kobold.
You kill the kobold!
There is a stone staircase leading down here.
d - 18 bolts (gained 1)
You see here a +0 short sword.
c - a scroll labelled GOLOMPIOVI You now have 31 gold pieces (gained 10).
A jackal comes into view.
The jackal barks!
You hear a bark!
You hear a shout!
A jackal is nearby!
A jackal comes into view.
Casting: Corona (safe; 11% risk of failure)
Confirm with . or Enter, or press ? or * to list all spells.
You don't know that spell.
Casting: Corona (safe; 11% risk of failure)
Confirm with . or Enter, or press ? or * to list all spells.
Aiming: Corona (safe; 11% risk of failure)
Press: ? - help, Shift-Dir - straight line, f - jackal
Aim: a jackal (chance to affect: 58%)
The jackal is outlined in light.
Fire: 18 bolts
Press: ? - help, Q - select action, (/) - cycle Shift-Dir - straight line, f/p - jackal
Aim: a jackal (softly glowing, 72% to hit)
You shoot a bolt. The bolt hits the jackal!
You kill the jackal!
d - 18 bolts (gained 1)
You see here a jackal corpse.
A hobgoblin comes into view.
There are monsters nearby!
You see here a jackal corpse.
You see here a jackal corpse.
Casting: Corona (safe; 11% risk of failure)
Confirm with . or Enter, or press ? or * to list all spells.
Aiming: Corona (safe; 11% risk of failure)
Press: ? - help, Shift-Dir - straight line, f - jackal
Aim: a jackal (chance to affect: 58%)
You miscast Corona.
You are very lightly contaminated with residual magic.
Nothing appears to happen.
Casting: Corona (safe; 11% risk of failure)
Confirm with . or Enter, or press ? or * to list all spells.
Aiming: Corona (safe; 11% risk of failure)
Press: ? - help, Shift-Dir - straight line, f/p - jackal
Aim: a jackal (chance to affect: 58%)
The jackal is outlined in light.
Fire: 18 bolts
Press: ? - help, Q - select action, (/) - cycle Shift-Dir - straight line, f/p - jackal
Aim: a jackal (softly glowing, 72% to hit)
You shoot a bolt. The bolt hits the jackal.
The jackal is lightly wounded.
The jackal bites you.
Fire: 17 bolts
Press: ? - help, Q - select action, (/) - cycle Shift-Dir - straight line, f/p - jackal
Aim: a jackal (lightly wounded, softly glowing, 72% to hit)
You shoot a bolt. The bolt hits the jackal.
You kill the jackal!
The hobgoblin hits you.
* * * LOW HITPOINT WARNING * * *
Casting: Corona (safe; 11% risk of failure)
Confirm with . or Enter, or press ? or * to list all spells.
Aiming: Corona (safe; 11% risk of failure)
Press: ? - help, Shift-Dir - straight line, f - hobgoblin
Aim: a hobgoblin (chance to affect: 58%)
The hobgoblin struggles to resist.
The hobgoblin barely misses you.
Fire: 16 bolts
Press: ? - help, Q - select action, (/) - cycle Shift-Dir - straight line, f/p - hobgoblin
Aim: a hobgoblin (62% to hit)
You shoot a bolt. The bolt hits the hobgoblin.
The hobgoblin is moderately wounded.
The hobgoblin completely misses you.
Your magical contamination has completely faded away.
Fire: 15 bolts
Press: ? - help, Q - select action, (/) - cycle Shift-Dir - straight line, f/p - hobgoblin
Aim: a hobgoblin (moderately wounded, 62% to hit)
You shoot a bolt. The bolt hits the hobgoblin!
You kill the hobgoblin!
d - 17 bolts (gained 3)
Things that are here:
a jackal corpse; a jackal corpse
d - 18 bolts (gained 1)
Found a spear.
You now have 45 gold pieces (gained 14).
A ball python comes into view.
A ball python is nearby!
b - a +0 club (weapon)
Casting: Corona (safe; 11% risk of failure)
Confirm with . or Enter, or press ? or * to list all spells.
Aiming: Corona (safe; 11% risk of failure)
Press: ? - help, Shift-Dir - straight line, f - ball python
Aim: a ball python (chance to affect: 58%)
The ball python is outlined in light.
The ball python closely misses you. The ball python grabs you.
The ball python constricts you.
Unknown command.
You closely miss the ball python. The ball python barely misses you.
The ball python constricts you.
You hit the ball python but do no damage.
The ball python barely misses you. The ball python constricts you.
The ball python barely misses you. The ball python constricts you.
You hit the ball python but do no damage.
The ball python bites you. The ball python constricts you.
The ball python barely misses you. The ball python constricts you.
You hit the ball python.
You kill the ball python!
Your Maces & Flails skill increases to level 1!
You see here a ball python corpse.
A frilled lizard comes into view.
Found a chain mail.
A frilled lizard is nearby!
A frilled lizard is nearby!
Casting: Corona (safe; 11% risk of failure)
Confirm with . or Enter, or press ? or * to list all spells.
Aiming: Corona (safe; 11% risk of failure)
Press: ? - help, Shift-Dir - straight line, f - frilled lizard
Aim: a frilled lizard (asleep, chance to affect: 58%)
The frilled lizard hisses angrily.
The frilled lizard is outlined in light.
You hit the frilled lizard.
The frilled lizard is heavily wounded.
The frilled lizard barely misses you.
You barely miss the frilled lizard.
The frilled lizard is heavily wounded.
The frilled lizard barely misses you.
You hit the frilled lizard.
You kill the frilled lizard!
You see here a ball python corpse.
You see here a +0 scale mail.
f - a +0 scale mail You start removing your armour.
You continue taking off your +0 robe. x4
You finish taking off your +0 robe.
You start putting on your armour.
You continue putting on your +0 scale mail. x5
You finish putting on your +0 scale mail.
Unknown command.
Drop what? 6/52 slots (_ for help) (? for menu, Esc to quit)
You drop a +0 robe.
Found an escape hatch in the floor.
Found a runed hunting sling.
A rat comes into view.
A rat is nearby!
You are too injured to fight recklessly!
Unknown command.
You hit the rat.
The rat is heavily wounded.
The rat bites you but does no damage.
You hit the rat.
The rat is heavily wounded.
The rat bites you but does no damage. The rat barely misses you.
You barely miss the rat.
The rat is heavily wounded.
The rat bites you but does no damage.
You hit the rat.
You kill the rat!
You see here a rat corpse.
You now have 55 gold pieces (gained 10).
A quokka comes into view.
A quokka is nearby!
A quokka is nearby!
A quokka is nearby!
You are too injured to fight recklessly!
You closely miss the quokka. The quokka completely misses you.
The quokka closely misses you.
You hit the quokka but do no damage. The quokka bites you.
You hit the quokka.
The quokka is heavily wounded.
The quokka bites you. The quokka barely misses you.
You closely miss the quokka.
The quokka is heavily wounded.
The quokka bites you.
You hit the quokka.
The quokka is almost dead.
The quokka bites you but does no damage.
You barely miss the quokka.
The quokka is almost dead.
The quokka bites you.
* * * LOW HITPOINT WARNING * * *
The quokka bites you but does no damage.
You hit the quokka.
You kill the quokka!
You see here 13 stones.
Key pressed, stopping explore.
Partly explored, can't reach some places.
Partly explored, can't reach some places.
Partly explored, can't reach some places.
(D) Dungeon
Where to? (? - help)
There is a stone staircase leading down here.
You climb downwards.
There is a stone staircase leading up here.
a - a +0 hand crossbow (weapon)
You open the door.
There is an open door here.
You open the door.
There is an open door here.
You open the door.
Found a stone staircase leading down.
There is an open door here.
A ball python comes into view.
The ball python hisses angrily.
A ball python is nearby!
b - a +0 club (weapon)
You are too injured to fight recklessly!
You are too injured to fight recklessly!
You are too injured to fight recklessly!
You are too injured to fight recklessly!
You are too injured to fight recklessly!
You completely miss the ball python. The ball python barely misses you.
The ball python closely misses you.
You hit the ball python.
You kill the ball python!
a - a +0 hand crossbow (weapon)
You see here a ball python corpse.
e - a scroll labelled ITESUYWIRI You open the door.
Found 25 stones.
An adder comes into view.
The adder hisses angrily.
An adder comes into view.
Found 11 arrows.
There is an open door here.
You close the door.
A ball python comes into view.
The ball python hisses angrily.
There is an open door here.
There is an open door here.
You close the door.
You feel much better.
You open the door.
Fire: 18 bolts
Press: ? - help, Q - select action, (/) - cycle Shift-Dir - straight line, f - adder
Aim: an adder (44% to hit)
You shoot a bolt. The bolt hits the adder.
The adder is heavily wounded.
The adder bites you but does no damage. The adder bites you.
You are poisoned.
The adder poisons you!
Fire: 17 bolts
Press: ? - help, Q - select action, (/) - cycle Shift-Dir - straight line, f/p - adder
Aim: an adder (heavily wounded, 42% to hit)
You shoot a bolt. The bolt barely misses the adder.
The bolt closely misses the ball python.
The adder barely misses you. The adder closely misses you.
Fire: 16 bolts
Press: ? - help, Q - select action, (/) - cycle Shift-Dir - straight line, f/p - adder
Aim: an adder (heavily wounded, 44% to hit)
You shoot a bolt. The bolt barely misses the adder.
The bolt hits the ball python.
The ball python is heavily wounded.
The adder bites you but does no damage.
Fire: 15 bolts
Press: ? - help, Q - select action, (/) - cycle Shift-Dir - straight line, f/p - adder
Aim: an adder (heavily wounded, 44% to hit)
You shoot a bolt. The bolt misses the adder.
The bolt closely misses the ball python.
The adder closely misses you. x2
Fire: 14 bolts
Press: ? - help, Q - select action, (/) - cycle Shift-Dir - straight line, f/p - adder
Aim: an adder (moderately wounded, 44% to hit)
You shoot a bolt. The bolt closely misses the adder.
The bolt barely misses the ball python.
You are no longer poisoned.
The adder barely misses you. The adder closely misses you.
Fire: 13 bolts
Press: ? - help, Q - select action, (/) - cycle Shift-Dir - straight line, f/p - adder
Aim: an adder (moderately wounded, 44% to hit)
You shoot a bolt. The bolt closely misses the adder.
The bolt barely misses the ball python.
The adder bites you but does no damage. The adder bites you.
Fire: 12 bolts
Press: ? - help, Q - select action, (/) - cycle Shift-Dir - straight line, f/p - adder
Aim: an adder (moderately wounded, 44% to hit)
You shoot a bolt. The bolt hits the adder.
The adder is almost dead.
The adder bites you but does no damage. x2
Fire: 11 bolts
Press: ? - help, Q - select action, (/) - cycle Shift-Dir - straight line, f/p - adder
Aim: an adder (almost dead, 42% to hit)
You shoot a bolt. The bolt hits the adder!
You kill the adder!
The ball python bites you but does no damage.
The ball python completely misses you.
You have reached level 3!
Your experience leads to an increase in your attributes!
Increase (S)trength, (I)ntelligence, or (D)exterity?
You feel stronger.
b - a +0 club (weapon)
You closely miss the ball python.
The ball python is heavily wounded.
The ball python barely misses you. The ball python grabs you.
The ball python constricts you.
The ball python bites you but does no damage.
The ball python constricts you.
You closely miss the ball python.
The ball python is heavily wounded.
The ball python bites you but does no damage.
The ball python constricts you.
You hit the ball python but do no damage.
The ball python is heavily wounded.
The ball python bites you. The ball python constricts you.
The ball python bites you but does no damage.
The ball python constricts you.
You closely miss the ball python.
The ball python is heavily wounded.
The ball python bites you but does no damage.
The ball python constricts you.
You hit the ball python.
You kill the ball python!
d - 13 bolts (gained 3)
There is an open door, spattered with blood here.
d - 14 bolts (gained 1)
d - 18 bolts (gained 4)
You open the door.
There is an open door here.
Jessica the Apprentice Sorceress comes into view.
She is wielding a +0 dagger.
Jessica shouts!
Jessica is nearby!
Jessica is nearby!
Jessica is nearby!
a - a +0 hand crossbow (weapon)
Fire: 18 bolts
Press: ? - help, Q - select action, (/) - cycle Shift-Dir - straight line, f - Jessica
Aim: Jessica, wielding a +0 dagger and wearing a +0 robe (62% to hit)
You shoot a bolt. The bolt barely misses Jessica.
Fire: 17 bolts
Press: ? - help, Q - select action, (/) - cycle Shift-Dir - straight line, f/p - Jessica
Aim: Jessica, wielding a +0 dagger and wearing a +0 robe (62% to hit)
You shoot a bolt. The bolt hits Jessica.
Jessica is moderately wounded.
Fire: 16 bolts
Press: ? - help, Q - select action, (/) - cycle Shift-Dir - straight line, f/p - Jessica
Aim: Jessica, wielding a +0 dagger and wearing a +0 robe (moderately wounded, 62% to hit)
You shoot a bolt. The bolt hits Jessica.
Jessica is heavily wounded.
Fire: 15 bolts
Press: ? - help, Q - select action, (/) - cycle Shift-Dir - straight line, f/p - Jessica
Aim: Jessica, wielding a +0 dagger and wearing a +0 robe (moderately wounded, 62% to hit)
You shoot a bolt.
The bolt hits Jessica but does no damage.
Jessica is moderately wounded.
Jessica hits you but does no damage. Jessica gestures at you while chanting.
Pain shoots through your body!
Fire: 14 bolts
Press: ? - help, Q - select action, (/) - cycle Shift-Dir - straight line, f/p - Jessica
Aim: Jessica, wielding a +0 dagger and wearing a +0 robe (moderately wounded, 62% to hit)
You shoot a bolt. The bolt hits Jessica!
You kill Jessica!
Your Maces & Flails skill increases to level 2!
d - 14 bolts (gained 1)
Things that are here:
a +0 dagger; a +0 robe; the human corpse of Jessica Fire: 14 bolts
Press: ? - help, Q - select action, (/) - cycle Shift-Dir - straight line, f - adder
Aim: an adder (wandering, hasn't noticed you, 44% to hit)
You shoot a bolt. The adder hisses angrily.
The bolt hits the adder but does no damage.
Fire: 13 bolts
Press: ? - help, Q - select action, (/) - cycle Shift-Dir - straight line, f/p - adder
Aim: an adder (44% to hit)
You shoot a bolt. The bolt hits the adder.
The adder is heavily wounded.
Fire: 12 bolts
Press: ? - help, Q - select action, (/) - cycle Shift-Dir - straight line, f/p - adder
Aim: an adder (heavily wounded, 44% to hit)
You shoot a bolt. The bolt hits the adder.
You kill the adder!
Your Maces & Flails skill increases to level 3!
d - 12 bolts (gained 1)
d - 13 bolts (gained 1)
d - 14 bolts (gained 1)
d - 15 bolts (gained 1)
Found a stone staircase leading up.
Found a stone staircase leading down.
You now have 67 gold pieces (gained 12).
A giant cockroach comes into view.
A giant cockroach is nearby!
b - a +0 club (weapon)
You hit the giant cockroach but do no damage.
The giant cockroach bites you but does no damage. x2
You hit the giant cockroach but do no damage.
The giant cockroach barely misses you.
You hit the giant cockroach but do no damage.
The giant cockroach bites you but does no damage. x2
You closely miss the giant cockroach. The giant cockroach barely misses you.
You barely miss the giant cockroach.
The giant cockroach completely misses you.
You hit the giant cockroach but do no damage.
The giant cockroach closely misses you. The giant cockroach barely misses you.
You barely miss the giant cockroach. The giant cockroach barely misses you.
You barely miss the giant cockroach.
The giant cockroach bites you but does no damage. x2
You closely miss the giant cockroach. The giant cockroach closely misses you.
You closely miss the giant cockroach.
The giant cockroach bites you but does no damage.
You hit the giant cockroach but do no damage.
The giant cockroach closely misses you.
The giant cockroach bites you but does no damage.
You hit the giant cockroach.
You kill the giant cockroach!
You have reached level 4!
You feel stronger.
You see here a giant cockroach corpse.
d - 16 bolts (gained 1)
d - 17 bolts (gained 1)
You see here an adder corpse.
g - a scroll labelled XUYTRAT NOISAO You open the door.
There is an open door here.
You see here 11 arrows.
You now have 76 gold pieces (gained 9).
An endoplasm comes into view.
The endoplasm quivers.
An endoplasm is nearby!
An endoplasm is nearby!
The endoplasm jiggles.
You hit the endoplasm.
The endoplasm is heavily wounded.
The endoplasm barely misses you.
You hit the endoplasm but do no damage.
The endoplasm is heavily wounded.
The endoplasm barely misses you.
You hit the endoplasm.
The endoplasm is almost dead.
The endoplasm freezes you.
You are frozen.
You hit the endoplasm.
You kill the endoplasm!
No target in view!
A hobgoblin comes into view.
The hobgoblin shouts!
A hobgoblin is nearby!
A hobgoblin is nearby!
A hobgoblin is nearby!
Found Opocrat's General Store.
Found an escape hatch in the ceiling.
You hit the hobgoblin but do no damage.
The hobgoblin hits you but does no damage.
You barely miss the hobgoblin. The hobgoblin barely misses you.
The hobgoblin hits you but does no damage.
You hit the hobgoblin.
The hobgoblin is severely wounded.
The hobgoblin barely misses you.
You hit the hobgoblin.
You kill the hobgoblin!
No target in view!
Found a dagger.
There is an entrance to Opocrat's General Store here.
You can access your shopping list by pressing '$'.
Found a shiny chain mail.
A goblin comes into view. It is wielding a +0 club.
The goblin shouts!
You hit the goblin.
You kill the goblin!
Search for what [? for help]? mace You see here a +1 chain mail of positive energy.
h - a +1 chain mail of positive energy
Things that are here:
a +0 club; a goblin corpse
d - 29 bolts (gained 12)
Found a robe.
You see here a +0 robe.
You now have enough gold to buy a scroll of enchant weapon on this level.
You can access your shopping list by pressing '$'.
You now have 93 gold pieces (gained 17).
You open the door.
There is an open door here.
Found a stone staircase leading down.
An endoplasm comes into view.
The endoplasm quivers.
The endoplasm moves out of view.
An endoplasm is nearby!
An endoplasm is nearby!
You hit the endoplasm.
The endoplasm is heavily wounded.
The endoplasm freezes you.
You are frozen.
You hit the endoplasm.
The endoplasm is severely wounded.
The endoplasm freezes you.
You are frozen.
You hit the endoplasm.
The endoplasm is almost dead.
The endoplasm barely misses you.
The endoplasm hits you but does no damage.
You completely miss the endoplasm.
The endoplasm is almost dead.
The endoplasm closely misses you.
You hit the endoplasm.
You kill the endoplasm!
An adder comes into view.
The adder hisses angrily.
An adder is nearby!
An adder is nearby!
An adder is nearby!
Nothing quivered!
a - a +0 hand crossbow (weapon)
Fire: 29 bolts
Press: ? - help, Q - select action, (/) - cycle Shift-Dir - straight line, f - adder
Aim: an adder (44% to hit)
You shoot a bolt. The bolt hits the adder.
The adder is heavily wounded.
Fire: 28 bolts
Press: ? - help, Q - select action, (/) - cycle Shift-Dir - straight line, f/p - adder
Aim: an adder (heavily wounded, 44% to hit)
You shoot a bolt. The bolt hits the adder!
You kill the adder!
There is a stone staircase leading down here.
d - 28 bolts (gained 1)
d - 29 bolts (gained 1)
You open the door.
A hobgoblin comes into view.
There is an open door here.
A hobgoblin is nearby!
A hobgoblin is nearby!
b - a +0 club (weapon)
You hit the hobgoblin.
The hobgoblin is severely wounded.
The hobgoblin barely misses you.
You barely miss the hobgoblin.
The hobgoblin is severely wounded.
The hobgoblin hits you but does no damage.
You hit the hobgoblin.
You kill the hobgoblin!
No target in view!
i - a scroll labelled VYTOEV HEATIMU You open the door.
There is an open door here.
You open the door.
There is an open door here.
Found a stone staircase leading up.
Found 20 stones.
There is a stone staircase leading up here. 2 jackals come into view.
The jackal barks!
There are monsters nearby!
There are monsters nearby!
There is a stone staircase leading up here.
You barely miss the jackal.
The jackal bites you but does no damage.
The jackal barely misses you.
You closely miss the jackal. The jackal barely misses you.
You hit the jackal but do no damage. The jackal bites you.
The jackal bites you but does no damage.
You hit the jackal.
The jackal is heavily wounded.
The jackal bites you but does no damage.
The jackal barely misses you.
You hit the jackal.
You kill the jackal!
The jackal bites you but does no damage.
You hit the jackal.
The jackal is almost dead.
The jackal bites you but does no damage.
You hit the jackal.
You kill the jackal!
There is a stone staircase leading up here.
j - a scroll labelled BURGHE MUMN
Found a mace.
There is a stone staircase leading down here.
You open the door.
There is an open door here.
The goblin shouts!
The killer bee buzzes angrily.
Something shouts, "Fly, thou rough-hewn flat-headed erk!"
The kobold shouts!
You open the door.
There is an open door here.
Key pressed, stopping explore.
Done exploring.
Search for what [Enter for "mace", or ? for help]? mace You see here a +0 mace.
k - a +0 mace Drop what? 11/52 slots (_ for help) (? for menu, Esc to quit)
You are now empty-handed.
You drop a +0 club.
k - a +0 mace (weapon)
Done exploring.
Done exploring.
Done exploring.
Done exploring.
(D) Dungeon
Where to? (Enter - D:2 @ (x,y), ? - help)
There is a stone staircase leading down here.
You climb downwards.
Found a mace.
There is a stone staircase leading up here.
Found a mace.
You see here a +0 mace.
A ball python comes into view.
You completely miss the ball python. The ball python bites you.
The ball python grabs you. The ball python constricts you.
You hit the ball python.
You kill the ball python!
No target in view!
You now have 106 gold pieces (gained 13).
A ball python comes into view.
The ball python hisses angrily.
Found a stone staircase leading up.
A ball python is nearby!
A ball python is nearby!
A ball python is nearby!
You closely miss the ball python. The ball python closely misses you.
The ball python barely misses you.
You closely miss the ball python. The ball python bites you.
The ball python grabs you. The ball python constricts you.
The ball python bites you but does no damage.
The ball python constricts you.
You completely miss the ball python.
The ball python bites you but does no damage.
The ball python constricts you.
You barely miss the ball python.
The ball python bites you but does no damage.
The ball python constricts you.
The ball python bites you but does no damage.
The ball python constricts you.
You hit the ball python.
The ball python is moderately wounded.
The ball python bites you but does no damage.
The ball python constricts you.
You closely miss the ball python.
The ball python is moderately wounded.
The ball python bites you but does no damage.
The ball python constricts you. The ball python barely misses you.
The ball python constricts you.
You thump the ball python!
You kill the ball python!
No target in view!
Okay, then.
Unknown command.
Unknown command.
Unknown command.
Unknown command.
Found a stone staircase leading down.
Found a leather armour.
Found a stone staircase leading down.
An endoplasm comes into view.
The endoplasm quivers.
The endoplasm moves out of view.
Found a scroll labelled ITESUYWIRI.
An endoplasm is nearby!
a - a +0 hand crossbow (weapon)
You are now empty-handed.
Really attack while wielding nothing?
Okay, then.
Adjust (i)tems, (s)pells, or (a)bilities?
k - a +0 mace Adjust to which letter? (? for menu, Esc to quit)
b - a +0 mace
a - a +0 hand crossbow (weapon)
b - a +0 mace (weapon)
The endoplasm freezes you.
You are frozen.
You hit the endoplasm but do no damage. The endoplasm freezes you.
You are frozen.
You hit the endoplasm.
The endoplasm is moderately wounded.
The endoplasm hits you but does no damage.
You sock the endoplasm!
You kill the endoplasm!
No target in view!
You now have enough gold to buy a potion of haste on D:2.
You can access your shopping list by pressing '$'.
You now have 117 gold pieces (gained 11).
You now have 132 gold pieces (gained 15).
Found a short sword.
e - 2 scrolls labelled ITESUYWIRI (gained 1) As you open the door, it creaks loudly!
Found a sacrificial altar of Ru.
A bat comes into view.
There is an open door here.
The bat barely misses you.
You closely miss the bat. The bat closely misses you. x2
An orc priest comes into view. It is wielding a +0 flail.
The bat hits you but does no damage. The bat hits you but does no damage.
The bat hits you but does no damage. The bat closely misses you.
The bat hits you but does no damage. The bat hits you but does no damage.
The bat barely misses you.
A giant cockroach comes into view.
The bat hits you but does no damage.
An orc and an orc priest come into view.
The bat hits you but does no damage. The bat hits you but does no damage.
The bat hits you. The bat hits you but does no damage.
The giant cockroach waves its antennae.
The bat hits you but does no damage. The bat closely misses you.
The bat hits you but does no damage. The bat hits you but does no damage.
The bat barely misses you. The bat hits you but does no damage.
The orc priest looks satisfied for a moment.
The bat barely misses you. The bat closely misses you.
The bat barely misses you. The bat hits you but does no damage.
The bat barely misses you. The bat hits you but does no damage. x2
The orc priest invokes the aid of Beogh against you.
Beogh smites you!
* * * LOW HITPOINT WARNING * * *
The bat hits you but does no damage. The bat closely misses you.
The bat hits you but does no damage. The bat hits you but does no damage.
The bat closely misses you. The bat hits you but does no damage.
The bat barely misses you. The bat hits you but does no damage. x2
The orc priest mumbles some strange prayers to Beogh against you.
Beogh smites you!
* * * LOW HITPOINT WARNING * * *
The bat hits you but does no damage.
You fail to use your ability.
The bat hits you but does no damage.
The giant cockroach bites you but does no damage.
The orc priest mumbles some strange prayers to Beogh against you.
Beogh smites you!
You die...

..##.#.##.# ,*
#o........## , *
..##.#.....#####..
####.#.o.......... ,,
#......######.. ,,
####.### * , **
####.##### * , ,
#..o.....######### **
#..#.##..#...@.<.# *
#..#.##..#..B....# *,
.#..#..#..#..b....# *
<.........oo.......#
*
,..#..#..#..#.......#
,
*###.......####..####
* ###.....# #.).)# *
#...### #..P.# #...#
#..P## *


You could see an orc priest, an orc, a giant cockroach and a bat.

Vanquished Creatures
  Jessica (D:2)
  3 adders (D:2)
  3 endoplasms
  2 giant cockroaches
  5 hobgoblins
  6 jackals
  A quokka (D:1)
  6 ball pythons
  A bat (D:1)
  A frilled lizard (D:1)
  2 goblins
  3 kobolds (D:1)
  3 rats (D:1)
37 creatures vanquished.

Notes
Turn   | Place    | Note
-------+----------+-------------------------------------------
     0 | D:1      | sleeves the Deep Dwarf Arcane Marksman began the quest for
                  | the Orb.
     0 | D:1      | Reached XP level 1. HP: 16/16 MP: 2/2
    29 | D:1      | Reached skill level 1 in Fighting
    66 | D:1      | HP: 8/18 [hobgoblin (2)]
   158 | D:1      | HP: 6/18 [jackal (2)]
   163 | D:1      | Reached XP level 2. HP: 8/25 MP: 1/3
   278 | D:1      | Learned a level 2 spell: Blink
   473 | D:1      | HP: 7/25 [hobgoblin (1)]
   542 | D:1      | Reached skill level 1 in Maces & Flails
   670 | D:1      | HP: 6/25 [quokka (1)]
   921 | D:2      | Reached XP level 3. HP: 31/31 MP: 4/4
   940 | D:2      | Noticed Jessica
   948 | D:2      | Killed Jessica
   949 | D:2      | Reached skill level 2 in Maces & Flails
   956 | D:2      | Reached skill level 3 in Maces & Flails
   995 | D:2      | Reached XP level 4. HP: 37/38 MP: 5/5
  1118 | D:2      | Found Opocrat's General Store.
  1704 | D:3      | Found a sacrificial altar of Ru.
  1729 | D:3      | HP: 12/38 [orc priest/divine providence (14)]
  1738 | D:3      | HP: 1/38 [orc priest/divine providence (11)]
  1740 | D:3      | Killed from afar by an orc priest

Illustrated notes

Levels and vault maps discovered:
D:1:      lemuel_arrival_river_bridge, layout_rooms
D:2:      layout_basic, serial_shops, nicolae_shop_statue_plus,
          lightli_corner_chamber, uniq_jessica
D:3:      layout_loops_cross, lemuel_doored_altar, nicolae_uskayaw_dance_hall,
          serial_aquarium, aquarium_bridge_square [aquarium_subvault_bridge,
          aquarium_subvault_balcony, aquarium_subvault_bridge,
          aquarium_subvault_window], aquarium_window_fake, aquarium_window_1,
          aquarium_view_2e, serial_shops, shop_fountains,
          uniq_crazy_yiuf_cottage, uniq_ijyb

Skill      XL: |  1  2  3 |
---------------+----------+-----
Fighting       | 1 |  1.5
Maces & Flails | 1 3 |  3.2
Crossbows      | |  2.8
Armour         | |  0.5
Dodging        | |  2.1
Spellcasting   | |  1.0
Hexes          | |  2.4

Action                   |  1- 3 |  4- 6 || total
-------------------------+-------+-------++-------
Melee: Club              |    60 |    24 ||    84
       Mace              |       |    13 ||    13
 Fire: Hand crossbow     |    40 |     2 ||    42
 Cast: Corona            |    21 |       ||    21
 Abil: Heal Wounds       |     1 |       ||     1
Armor: Robe              |     7 |       ||     7
       Scale mail        |    24 |    41 ||    65
Dodge: Dodged            |    59 |    27 ||    86

Table legend: (Time is in decaauts)
 A = Elapsed time spent in this place.
 B = Non-inter-level travel time spent in this place.
 C = Inter-level travel time spent in this place.
 D = Time resting spent in this place.
 E = Time spent auto-exploring this place.
 F = Levels seen in this place.
 G = Mean time per level.
                   A        B        C        D        E       F      G
               +--------+--------+--------+--------+--------+-----+--------+
         Total |   1765 |   1697 |     68 |     47 |   1122 |   3 |  588.3 |
       Dungeon |   1765 |   1697 |     68 |     47 |   1122 |   3 |  588.3 |
               +--------+--------+--------+--------+--------+-----+--------+

Top non-repeatable levels by time:
     D:1: 880 daAuts
     D:2: 767 daAuts
     D:3: 117 daAuts
